[ AOE2 MATCH · #461131603 ]
UnrankedWei vs Franks
[ REPLAY ANALYSIS · EXTRACTED FROM THE RECORDED GAME ]
Feudal
11:46
Castle
15:18
Imperial
29:05
| APM avg | 85.2 |
| APM peak | 167 |
| eAPM avg | 51.3 |
| Villagers / military | 129 / 3 |
Focus
⚔️ 72.3% · 🌾 27.7%
Unknown (1952) ×99 · Unknown (1944) ×47 · Unknown (1942) ×12 · Petard ×3 · Unknown (1954) ×1
Feudal
10:56
Castle
14:26
Imperial
30:47
| APM avg | 41.1 |
| APM peak | 71 |
| eAPM avg | 21.2 |
| Villagers / military | 160 / 139 |
Focus
⚔️ 25.4% · 🌾 74.6%
Spearman ×104 · Mangonel ×24 · Trebuchet (Packed) ×6 · Scorpion ×5
Feudal
11:48
Castle
15:20
Imperial
29:06
| APM avg | 17.5 |
| APM peak | 38 |
| eAPM avg | 12.4 |
| Villagers / military | 120 / 145 |
Focus
⚔️ 27.3% · 🌾 72.7%
Scout Cavalry ×64 · Shrivamsha Rider ×40 · Camel Scout ×22 · Armored Elephant ×7 · Elephant Archer ×5 · Spearman ×3
Feudal
13:30
Castle
17:20
Imperial
35:05
| APM avg | 23.6 |
| APM peak | 41 |
| eAPM avg | 16.0 |
| Villagers / military | 120 / 75 |
Focus
⚔️ 19.9% · 🌾 80.1%
Militia ×40 · Knight ×29 · Teutonic Knight ×6
Feudal
10:17
Castle
14:32
Imperial
28:13
| APM avg | 55.8 |
| APM peak | 129 |
| eAPM avg | 19.8 |
| Villagers / military | 209 / 97 |
Focus
⚔️ 36.5% · 🌾 63.5%
Throwing Axeman ×72 · Bombard Cannon ×16 · Mangonel ×4 · Petard ×2 · Spearman ×2 · Battering Ram ×1
Feudal
11:47
Castle
15:20
Imperial
32:02
| APM avg | 40.2 |
| APM peak | 105 |
| eAPM avg | 23.1 |
| Villagers / military | 142 / 148 |
Focus
⚔️ 33.0% · 🌾 67.0%
Archer ×76 · Spearman ×68 · Trebuchet (Packed) ×3 · Battering Ram ×1
Feudal
11:41
Castle
15:13
Imperial
27:56
| APM avg | 22.6 |
| APM peak | 38 |
| eAPM avg | 14.3 |
| Villagers / military | 114 / 151 |
Focus
⚔️ 30.8% · 🌾 69.2%
Skirmisher ×54 · Spearman ×50 · Militia ×38 · Monk ×4 · Trebuchet (Packed) ×3 · Mangonel ×1
Feudal
11:24
Castle
14:59
Imperial
34:51
| APM avg | 33.8 |
| APM peak | 65 |
| eAPM avg | 17.8 |
| Villagers / military | 113 / 154 |
Focus
⚔️ 28.4% · 🌾 71.6%
Scout Cavalry ×77 · Skirmisher ×76 · Knight ×1
Match map
Initial resources + every placement click. Lines = walls · curves = elevation contours. ◆ gold · ⬟ stone · ● berries · ✦ relic · ◌ wall gap
Your base· ✓ Closed at 15:18 · 0t walls · 2 gate(s)
benjamin100's base· ✓ Closed at 14:26 · 0t walls · 3 gate(s)
Wartortilla43's base· ✓ Closed at 15:20 · 0t walls · 2 gate(s)
jcesarcr's base· ✓ Closed at 17:20 · 0t walls · 2 gate(s)
Bitt's base· ✓ Closed at 14:32 · 1t walls · 2 gate(s)
Yeung Chow Fried Rice's base· ✓ Closed at 15:20 · 0t walls · 2 gate(s)
mmihaa's base· ✓ Closed at 15:13 · 0t walls · 2 gate(s)
Boötes Void's base· ✓ Closed at 14:59 · 0t walls · 2 gate(s)
Smoothed initial terrain · ◌ = detected wall gap · hover for details
Inputs per minute
— MONARCH - - benjamin100
Build order — MONARCH
First 150 of 434 actions detected
| 0:00 | Create | Villager (Male) |
| 0:01 | Create | Villager (Male) |
| 0:01 | Create | Villager (Male) |
| 0:02 | Build | House |
| 0:03 | Build | House |
| 0:10 | Create | Villager (Male) |
| 1:33 | Create | Villager (Male) |
| 1:33 | Create | Villager (Male) |
| 2:00 | Create | Villager (Male) |
| 2:00 | Create | Villager (Male) |
| 2:01 | Create | Villager (Male) |
| 2:22 | Create | Villager (Male) |
| 2:26 | Build | Lumber Camp |
| 3:03 | Create | Villager (Male) |
| 3:03 | Create | Villager (Male) |
| 3:32 | Create | Villager (Male) |
| 3:48 | Create | Villager (Male) |
| 3:48 | Create | Villager (Male) |
| 3:50 | Build | House |
| 4:16 | Build | Mill |
| 4:21 | Create | Villager (Male) |
| 4:22 | Create | Villager (Male) |
| 4:51 | Create | Villager (Male) |
| 4:56 | Build | House |
| 5:19 | Create | Villager (Male) |
| 5:19 | Create | Villager (Male) |
| 6:00 | Build | Lumber Camp |
| 6:04 | Create | Villager (Male) |
| 6:22 | Build | Farm |
| 6:33 | Create | Villager (Male) |
| 6:33 | Create | Villager (Male) |
| 6:34 | Create | Villager (Male) |
| 6:34 | Create | Villager (Male) |
| 6:57 | Create | Villager (Male) |
| 6:57 | Create | Villager (Male) |
| 6:58 | Create | Villager (Male) |
| 7:06 | Create | Villager (Male) |
| 7:08 | Build | Farm |
| 7:35 | Build | Farm |
| 7:36 | Create | Villager (Male) |
| 8:12 | Build | House |
| 9:04 | Build | Mining Camp |
| 9:10 | Research | Feudal Age |
| 10:40 | Create | Villager (Male) |
| 10:40 | Create | Villager (Male) |
| 10:49 | Build | Barracks |
| 11:18 | Build | House |
| 11:24 | Build | House |
| 11:46 | Age | Feudal Age |
| 11:49 | Build | Archery Range |
| 11:52 | Build | Blacksmith |
| 12:04 | Research | Double-Bit Axe |
| 12:38 | Research | Castle Age |
| 12:40 | Research | Horse Collar |
| 12:49 | Build | House |
| 13:09 | Research | Gold Mining |
| 13:17 | Build | Farm |
| 13:19 | Build | Farm |
| 13:24 | Build | Farm |
| 14:23 | Create | Villager (Male) |
| 14:57 | Create | Villager (Male) |
| 15:18 | Age | Castle Age |
| 15:21 | Build | Town Center |
| 15:24 | Build | Town Center |
| 15:26 | Research | Bow Saw |
| 15:27 | Research | Heavy Plow |
| 15:45 | Create | Villager (Male) |
| 15:49 | Build | Farm |
| 15:52 | Build | Farm |
| 15:54 | Create | Unit 1952 |
| 15:54 | Create | Unit 1952 |
| 16:12 | Build | Farm |
| 16:15 | Create | Villager (Male) |
| 16:23 | Build | Farm |
| 16:32 | Create | Villager (Male) |
| 16:36 | Create | Unit 1952 |
| 16:42 | Create | Villager (Male) |
| 16:44 | Build | Farm |
| 16:46 | Build | Farm |
| 16:47 | Create | Villager (Male) |
| 17:05 | Research | Wheelbarrow |
| 17:05 | Create | Villager (Male) |
| 17:08 | Build | House |
| 17:15 | Build | House |
| 17:16 | Build | House |
| 17:17 | Build | House |
| 17:21 | Create | Villager (Male) |
| 17:22 | Create | Villager (Male) |
| 17:26 | Build | Farm |
| 17:29 | Build | Farm |
| 17:31 | Build | Farm |
| 17:32 | Create | Villager (Male) |
| 17:39 | Build | Farm |
| 17:40 | Build | Farm |
| 17:46 | Create | Unit 1952 |
| 17:51 | Build | Farm |
| 17:54 | Build | Farm |
| 17:54 | Create | Villager (Male) |
| 18:01 | Build | Farm |
| 18:14 | Create | Villager (Male) |
| 18:15 | Create | Unit 1952 |
| 18:26 | Create | Villager (Male) |
| 18:26 | Create | Villager (Male) |
| 18:28 | Build | Farm |
| 18:30 | Build | Farm |
| 18:32 | Create | Villager (Male) |
| 18:32 | Create | Villager (Male) |
| 18:35 | Build | House |
| 18:36 | Build | House |
| 18:39 | Create | Villager (Male) |
| 18:47 | Build | Farm |
| 18:50 | Build | Farm |
| 18:52 | Build | Farm |
| 18:54 | Build | Farm |
| 18:54 | Create | Villager (Male) |
| 18:56 | Build | Farm |
| 18:58 | Build | House |
| 19:03 | Build | Farm |
| 19:44 | Create | Villager (Male) |
| 19:44 | Create | Villager (Male) |
| 19:45 | Create | Villager (Male) |
| 19:46 | Create | Villager (Male) |
| 19:46 | Create | Villager (Male) |
| 19:47 | Create | Villager (Male) |
| 19:47 | Create | Villager (Male) |
| 19:47 | Create | Villager (Male) |
| 19:50 | Build | House |
| 19:51 | Build | House |
| 19:53 | Research | Fletching |
| 20:11 | Create | Villager (Male) |
| 20:11 | Create | Villager (Male) |
| 20:12 | Create | Villager (Male) |
| 20:15 | Build | University |
| 20:19 | Create | Villager (Male) |
| 20:22 | Build | Farm |
| 20:22 | Build | Farm |
| 20:24 | Build | Farm |
| 20:25 | Create | Villager (Male) |
| 20:32 | Create | Unit 1952 |
| 20:32 | Create | Unit 1952 |
| 20:44 | Create | Villager (Male) |
| 20:46 | Research | Town Watch |
| 20:54 | Build | House |
| 20:55 | Build | House |
| 21:00 | Research | Gold Shaft Mining |
| 21:01 | Research | Stone Mining |
| 21:02 | Create | Villager (Male) |
| 21:08 | Build | Town Center |
| 21:11 | Create | Unit 1952 |
| 21:11 | Create | Unit 1952 |
Build order — benjamin100
First 150 of 387 actions detected
| 0:00 | Create | Villager (Male) |
| 0:01 | Create | Villager (Male) |
| 0:02 | Build | House |
| 0:03 | Build | House |
| 0:25 | Create | Villager (Male) |
| 0:35 | Create | Villager (Male) |
| 1:28 | Create | Villager (Male) |
| 1:43 | Build | Lumber Camp |
| 1:59 | Create | Villager (Male) |
| 2:18 | Create | Villager (Male) |
| 2:38 | Create | Villager (Male) |
| 2:59 | Build | House |
| 3:01 | Build | House |
| 3:06 | Create | Villager (Male) |
| 3:09 | Build | House |
| 3:27 | Create | Villager (Male) |
| 4:02 | Create | Villager (Male) |
| 4:06 | Create | Villager (Male) |
| 4:48 | Create | Villager (Male) |
| 4:49 | Create | Villager (Male) |
| 4:55 | Build | Mill |
| 5:07 | Create | Villager (Male) |
| 5:14 | Create | Villager (Male) |
| 5:54 | Create | Villager (Male) |
| 6:29 | Create | Villager (Male) |
| 6:41 | Create | Villager (Male) |
| 7:11 | Create | Villager (Male) |
| 7:35 | Create | Villager (Male) |
| 8:14 | Build | Farm |
| 8:17 | Build | Farm |
| 8:19 | Build | Farm |
| 8:31 | Build | Mining Camp |
| 8:41 | Research | Feudal Age |
| 9:49 | Create | Villager (Male) |
| 9:50 | Create | Villager (Male) |
| 10:13 | Build | Farm |
| 10:56 | Age | Feudal Age |
| 10:57 | Build | Market |
| 10:59 | Build | Blacksmith |
| 11:01 | Build | House |
| 11:36 | Research | Double-Bit Axe |
| 11:44 | Research | Castle Age |
| 11:54 | Research | Horse Collar |
| 12:26 | Create | Villager (Male) |
| 12:26 | Create | Villager (Male) |
| 13:24 | Build | Farm |
| 13:32 | Build | Farm |
| 13:36 | Build | Farm |
| 14:26 | Age | Castle Age |
| 14:30 | Build | Town Center |
| 14:41 | Build | Town Center |
| 14:51 | Build | Farm |
| 14:52 | Create | Villager (Male) |
| 15:18 | Create | Villager (Male) |
| 15:26 | Build | Farm |
| 15:38 | Research | Bow Saw |
| 15:43 | Create | Villager (Male) |
| 15:50 | Build | Farm |
| 15:56 | Create | Villager (Male) |
| 16:07 | Create | Villager (Male) |
| 16:07 | Create | Villager (Male) |
| 16:15 | Create | Villager (Male) |
| 16:25 | Build | Farm |
| 16:26 | Build | Farm |
| 16:36 | Build | Stone Wall |
| 16:37 | Create | Villager (Male) |
| 16:45 | Build | Stone Wall |
| 16:49 | Build | Stone Wall |
| 16:51 | Create | Villager (Male) |
| 16:52 | Create | Villager (Male) |
| 16:52 | Create | Villager (Male) |
| 16:53 | Build | Farm |
| 16:55 | Build | Farm |
| 16:57 | Build | Farm |
| 16:58 | Create | Villager (Male) |
| 16:59 | Create | Villager (Male) |
| 17:12 | Build | Stone Wall |
| 17:16 | Create | Villager (Male) |
| 17:20 | Build | Farm |
| 17:21 | Build | Farm |
| 17:21 | Create | Villager (Male) |
| 17:33 | Create | Villager (Male) |
| 17:35 | Build | Farm |
| 17:37 | Build | Farm |
| 17:38 | Create | Villager (Male) |
| 17:41 | Build | House |
| 17:42 | Create | Villager (Male) |
| 17:53 | Create | Villager (Male) |
| 17:56 | Build | Farm |
| 17:59 | Build | Farm |
| 18:01 | Build | Farm |
| 18:02 | Create | Villager (Male) |
| 18:09 | Build | Stone Wall |
| 18:10 | Build | Stone Wall |
| 18:11 | Build | Stone Wall |
| 18:11 | Build | Stone Wall |
| 18:12 | Build | Stone Wall |
| 18:19 | Create | Villager (Male) |
| 18:20 | Build | Stone Wall |
| 18:25 | Build | Farm |
| 18:26 | Create | Villager (Male) |
| 18:26 | Create | Villager (Male) |
| 18:30 | Build | House |
| 18:50 | Research | Town Watch |
| 18:53 | Research | Loom |
| 18:55 | Create | Villager (Male) |
| 18:58 | Create | Villager (Male) |
| 19:01 | Build | Mining Camp |
| 19:08 | Build | Mining Camp |
| 19:09 | Create | Villager (Male) |
| 19:15 | Create | Villager (Male) |
| 19:23 | Build | Siege Workshop |
| 19:25 | Create | Villager (Male) |
| 19:30 | Build | Farm |
| 19:32 | Create | Villager (Male) |
| 19:47 | Build | Farm |
| 19:48 | Build | Farm |
| 19:48 | Create | Villager (Male) |
| 19:55 | Build | House |
| 19:56 | Build | House |
| 19:57 | Build | House |
| 20:00 | Create | Villager (Male) |
| 20:22 | Create | Mangonel |
| 20:22 | Create | Villager (Male) |
| 20:37 | Create | Villager (Male) |
| 20:41 | Build | Farm |
| 20:42 | Build | Farm |
| 20:56 | Create | Villager (Male) |
| 20:58 | Build | House |
| 21:00 | Build | House |
| 21:01 | Build | Palisade Wall |
| 21:02 | Create | Villager (Male) |
| 21:14 | Create | Villager (Male) |
| 21:17 | Create | Mangonel |
| 21:18 | Create | Villager (Male) |
| 21:22 | Create | Villager (Male) |
| 21:40 | Create | Villager (Male) |
| 21:40 | Create | Villager (Male) |
| 21:40 | Create | Villager (Male) |
| 21:47 | Create | Villager (Male) |
| 22:02 | Build | House |
| 22:02 | Build | House |
| 22:03 | Build | House |
| 22:05 | Create | Mangonel |
| 22:06 | Create | Villager (Male) |
| 22:09 | Build | House |
| 22:11 | Build | Lumber Camp |
| 22:16 | Build | House |
| 22:17 | Create | Villager (Male) |
| 22:18 | Research | Fletching |
Build order — Wartortilla43
First 150 of 339 actions detected
| 0:02 | Create | Villager (Male) |
| 0:02 | Create | Villager (Male) |
| 0:02 | Create | Villager (Male) |
| 0:05 | Build | House |
| 0:09 | Build | Mill |
| 0:10 | Create | Villager (Male) |
| 1:38 | Create | Villager (Male) |
| 1:52 | Build | House |
| 2:14 | Create | Villager (Male) |
| 2:14 | Create | Villager (Male) |
| 2:45 | Create | Villager (Male) |
| 2:45 | Create | Villager (Male) |
| 3:39 | Create | Villager (Male) |
| 3:54 | Build | House |
| 4:07 | Create | Villager (Male) |
| 4:31 | Create | Villager (Male) |
| 4:32 | Create | Villager (Male) |
| 4:41 | Build | Lumber Camp |
| 4:59 | Create | Villager (Male) |
| 5:29 | Create | Villager (Male) |
| 5:33 | Create | Villager (Male) |
| 5:54 | Build | Mining Camp |
| 5:56 | Create | Villager (Male) |
| 5:57 | Create | Villager (Male) |
| 6:06 | Create | Villager (Male) |
| 6:35 | Build | House |
| 7:18 | Create | Villager (Male) |
| 7:18 | Create | Villager (Male) |
| 7:28 | Create | Villager (Male) |
| 7:52 | Create | Villager (Male) |
| 7:52 | Create | Villager (Male) |
| 8:44 | Build | House |
| 8:59 | Create | Villager (Male) |
| 9:38 | Research | Feudal Age |
| 9:55 | Build | Farm |
| 10:00 | Build | Farm |
| 10:25 | Build | Farm |
| 11:02 | Create | Villager (Male) |
| 11:03 | Create | Villager (Male) |
| 11:48 | Age | Feudal Age |
| 11:49 | Build | Market |
| 11:51 | Build | Blacksmith |
| 12:40 | Research | Castle Age |
| 13:06 | Research | Double-Bit Axe |
| 13:08 | Research | Horse Collar |
| 13:18 | Build | Farm |
| 13:21 | Build | Farm |
| 13:31 | Build | Farm |
| 13:38 | Build | Farm |
| 14:14 | Build | House |
| 14:15 | Build | House |
| 15:04 | Create | Villager (Male) |
| 15:04 | Create | Villager (Male) |
| 15:20 | Age | Castle Age |
| 15:43 | Build | Town Center |
| 15:56 | Build | Town Center |
| 16:13 | Create | Villager (Male) |
| 16:23 | Create | Villager (Male) |
| 16:33 | Build | Barracks |
| 16:41 | Create | Villager (Male) |
| 16:41 | Create | Villager (Male) |
| 16:54 | Research | Bow Saw |
| 16:57 | Research | Heavy Plow |
| 17:22 | Create | Villager (Male) |
| 17:25 | Build | Farm |
| 17:26 | Build | Farm |
| 17:28 | Build | Farm |
| 17:32 | Create | Villager (Male) |
| 17:38 | Build | Farm |
| 17:39 | Build | Farm |
| 17:40 | Build | Farm |
| 17:50 | Create | Spearman |
| 17:52 | Create | Militia |
| 17:52 | Create | Villager (Male) |
| 18:07 | Build | Outpost |
| 18:14 | Create | Villager (Male) |
| 18:24 | Create | Villager (Male) |
| 18:25 | Create | Villager (Male) |
| 18:25 | Create | Villager (Male) |
| 18:33 | Build | Farm |
| 18:35 | Build | Farm |
| 18:39 | Build | Farm |
| 18:40 | Build | Farm |
| 18:42 | Build | Farm |
| 18:44 | Build | Farm |
| 18:47 | Build | Farm |
| 18:52 | Build | Farm |
| 18:58 | Create | Villager (Male) |
| 18:59 | Create | Villager (Male) |
| 19:17 | Create | Villager (Male) |
| 19:20 | Build | Farm |
| 19:23 | Create | Villager (Male) |
| 19:23 | Create | Villager (Male) |
| 19:23 | Create | Villager (Male) |
| 19:58 | Create | Villager (Male) |
| 19:58 | Create | Villager (Male) |
| 20:14 | Create | Villager (Male) |
| 20:14 | Create | Villager (Male) |
| 20:23 | Create | Villager (Male) |
| 20:29 | Build | House |
| 20:30 | Build | House |
| 20:35 | Build | Farm |
| 20:38 | Build | Farm |
| 20:47 | Build | Farm |
| 20:55 | Research | Loom |
| 21:01 | Build | House |
| 21:02 | Build | House |
| 21:12 | Research | Wheelbarrow |
| 21:17 | Create | Villager (Male) |
| 21:18 | Create | Villager (Male) |
| 21:51 | Create | Villager (Male) |
| 21:52 | Create | Villager (Male) |
| 22:02 | Research | Stone Mining |
| 22:02 | Research | Gold Mining |
| 22:03 | Create | Villager (Male) |
| 22:03 | Create | Villager (Male) |
| 22:09 | Research | Coinage |
| 22:13 | Create | Trade Cart |
| 22:13 | Create | Villager (Male) |
| 22:22 | Build | Siege Workshop |
| 22:24 | Create | Villager (Male) |
| 22:28 | Build | Farm |
| 22:29 | Build | Farm |
| 22:35 | Build | Farm |
| 22:40 | Build | Farm |
| 22:41 | Build | Farm |
| 22:50 | Create | Villager (Male) |
| 22:54 | Create | Villager (Male) |
| 23:02 | Create | Villager (Male) |
| 23:03 | Create | Villager (Male) |
| 23:25 | Create | Trade Cart |
| 23:35 | Build | Farm |
| 23:38 | Build | House |
| 23:39 | Build | House |
| 23:41 | Build | House |
| 23:48 | Create | Villager (Male) |
| 23:49 | Create | Villager (Male) |
| 23:49 | Create | Villager (Male) |
| 23:50 | Create | Villager (Male) |
| 23:51 | Create | Villager (Male) |
| 23:51 | Create | Villager (Male) |
| 24:05 | Create | Villager (Male) |
| 24:05 | Create | Villager (Male) |
| 24:15 | Build | Farm |
| 24:16 | Build | Farm |
| 24:25 | Build | Farm |
| 24:28 | Build | Farm |
| 24:34 | Create | Villager (Male) |
| 24:49 | Create | Spearman |
| 25:09 | Build | University |
Build order — jcesarcr
First 150 of 253 actions detected
| 0:03 | Create | Villager (Male) |
| 0:04 | Create | Villager (Male) |
| 0:04 | Create | Villager (Male) |
| 0:04 | Create | Villager (Male) |
| 0:05 | Create | Villager (Male) |
| 0:09 | Build | House |
| 0:12 | Build | House |
| 1:30 | Create | Villager (Male) |
| 1:31 | Create | Villager (Male) |
| 1:31 | Create | Villager (Male) |
| 1:57 | Create | Villager (Male) |
| 1:57 | Create | Villager (Male) |
| 2:21 | Build | Lumber Camp |
| 2:29 | Create | Villager (Male) |
| 2:48 | Create | Villager (Male) |
| 2:51 | Research | Loom |
| 3:34 | Create | Villager (Male) |
| 3:35 | Create | Villager (Male) |
| 4:16 | Create | Villager (Male) |
| 4:26 | Build | House |
| 4:27 | Build | House |
| 4:29 | Build | House |
| 4:45 | Create | Villager (Male) |
| 4:46 | Create | Villager (Male) |
| 4:52 | Build | Mill |
| 5:03 | Create | Villager (Male) |
| 5:03 | Create | Villager (Male) |
| 5:04 | Create | Villager (Male) |
| 5:13 | Create | Villager (Male) |
| 5:13 | Create | Villager (Male) |
| 5:36 | Create | Villager (Male) |
| 5:37 | Create | Villager (Male) |
| 5:37 | Create | Villager (Male) |
| 6:20 | Create | Villager (Male) |
| 6:20 | Create | Villager (Male) |
| 6:58 | Build | House |
| 7:00 | Build | House |
| 7:34 | Create | Villager (Male) |
| 7:35 | Create | Villager (Male) |
| 7:35 | Create | Villager (Male) |
| 7:35 | Create | Villager (Male) |
| 7:36 | Create | Villager (Male) |
| 7:36 | Create | Villager (Male) |
| 7:36 | Create | Villager (Male) |
| 8:23 | Create | Villager (Male) |
| 8:23 | Create | Villager (Male) |
| 8:23 | Create | Villager (Male) |
| 8:24 | Create | Villager (Male) |
| 8:24 | Create | Villager (Male) |
| 8:33 | Build | Barracks |
| 9:13 | Create | Villager (Male) |
| 9:13 | Create | Villager (Male) |
| 9:13 | Create | Villager (Male) |
| 9:14 | Create | Villager (Male) |
| 10:41 | Build | Mining Camp |
| 10:44 | Research | Feudal Age |
| 11:42 | Build | Farm |
| 11:42 | Build | Farm |
| 11:44 | Build | Farm |
| 11:57 | Build | Farm |
| 11:57 | Build | Farm |
| 11:58 | Build | Farm |
| 12:23 | Build | Farm |
| 12:24 | Build | Farm |
| 12:26 | Build | Farm |
| 13:30 | Age | Feudal Age |
| 13:34 | Build | Stable |
| 13:40 | Build | Blacksmith |
| 13:41 | Create | Villager (Male) |
| 13:42 | Create | Villager (Male) |
| 13:45 | Research | Double-Bit Axe |
| 14:40 | Research | Castle Age |
| 14:45 | Build | Mining Camp |
| 14:48 | Research | Stone Mining |
| 15:33 | Research | Bloodlines |
| 17:20 | Age | Castle Age |
| 17:29 | Create | Knight ×2 |
| 17:37 | Research | Wheelbarrow |
| 18:33 | Create | Knight |
| 19:37 | Create | Villager (Male) |
| 19:38 | Create | Villager (Male) |
| 19:53 | Build | Castle |
| 20:05 | Create | Villager (Male) |
| 20:06 | Create | Villager (Male) |
| 20:06 | Create | Villager (Male) |
| 20:06 | Create | Villager (Male) |
| 20:14 | Build | Town Center |
| 20:27 | Research | Fletching |
| 20:46 | Create | Villager (Male) |
| 20:46 | Create | Villager (Male) |
| 20:47 | Create | Villager (Male) |
| 20:47 | Create | Villager (Male) |
| 20:47 | Create | Villager (Male) |
| 21:25 | Create | Teutonic Knight |
| 21:25 | Create | Teutonic Knight |
| 21:56 | Build | Stable |
| 22:07 | Create | Knight ×2 |
| 22:23 | Create | Villager (Male) |
| 22:23 | Create | Villager (Male) |
| 22:34 | Build | Farm |
| 22:35 | Build | Farm |
| 22:36 | Build | Farm |
| 22:38 | Build | Farm |
| 23:12 | Create | Teutonic Knight ×2 |
| 23:13 | Create | Teutonic Knight ×2 |
| 23:37 | Build | Town Center |
| 23:54 | Research | Bodkin Arrow |
| 24:43 | Create | Knight ×3 |
| 24:44 | Create | Knight ×3 |
| 25:03 | Research | Gold Mining |
| 25:08 | Create | Villager (Male) |
| 25:08 | Create | Villager (Male) |
| 25:09 | Create | Villager (Male) |
| 25:21 | Build | Town Center |
| 25:32 | Create | Knight |
| 26:00 | Create | Villager (Male) |
| 26:01 | Create | Villager (Male) |
| 26:01 | Create | Villager (Male) |
| 26:01 | Create | Villager (Male) |
| 26:01 | Create | Villager (Male) |
| 26:15 | Create | Villager (Male) |
| 26:15 | Create | Villager (Male) |
| 26:15 | Create | Villager (Male) |
| 27:13 | Create | Villager (Male) |
| 27:13 | Create | Villager (Male) |
| 27:13 | Create | Villager (Male) |
| 27:13 | Create | Villager (Male) |
| 27:14 | Create | Villager (Male) |
| 27:14 | Create | Villager (Male) |
| 27:14 | Create | Villager (Male) |
| 27:38 | Build | Farm |
| 27:38 | Build | Farm |
| 27:39 | Build | Farm |
| 27:40 | Build | Farm |
| 27:40 | Build | Farm |
| 27:41 | Build | Farm |
| 27:42 | Build | Farm |
| 28:49 | Create | Knight ×5 |
| 28:50 | Create | Knight ×5 |
| 28:50 | Create | Knight ×2 |
| 28:50 | Create | Knight ×2 |
| 28:55 | Create | Villager (Male) |
| 28:55 | Create | Villager (Male) |
| 29:11 | Build | Farm |
| 29:11 | Build | Farm |
| 29:47 | Build | Castle |
| 30:02 | Build | Town Center |
| 30:15 | Build | Barracks |
| 30:16 | Build | Barracks |
| 31:07 | Build | Mill |
Build order — Bitt
First 150 of 397 actions detected
| 0:06 | Create | Villager (Male) |
| 0:06 | Create | Villager (Male) |
| 0:07 | Create | Villager (Male) |
| 0:07 | Create | Villager (Male) |
| 0:09 | Build | House |
| 0:11 | Build | House |
| 1:32 | Create | Villager (Male) |
| 1:32 | Create | Villager (Male) |
| 1:53 | Build | Lumber Camp |
| 2:05 | Create | Villager (Male) |
| 2:05 | Create | Villager (Male) |
| 2:27 | Create | Villager (Male) |
| 2:28 | Create | Villager (Male) |
| 2:28 | Create | Villager (Male) |
| 3:00 | Create | Villager (Male) |
| 3:00 | Create | Villager (Male) |
| 3:16 | Build | House |
| 3:29 | Create | Villager (Male) |
| 3:29 | Create | Villager (Male) |
| 3:30 | Create | Villager (Male) |
| 3:55 | Create | Villager (Male) |
| 3:55 | Create | Villager (Male) |
| 4:18 | Create | Villager (Male) |
| 4:18 | Create | Villager (Male) |
| 4:41 | Create | Villager (Male) |
| 4:41 | Create | Villager (Male) |
| 5:03 | Create | Villager (Male) |
| 5:04 | Create | Villager (Male) |
| 5:31 | Create | Villager (Male) |
| 5:31 | Create | Villager (Male) |
| 5:31 | Create | Villager (Male) |
| 5:41 | Build | House |
| 5:43 | Build | Mill |
| 5:50 | Create | Villager (Male) |
| 5:50 | Create | Villager (Male) |
| 5:51 | Create | Villager (Male) |
| 6:14 | Create | Villager (Male) |
| 6:14 | Create | Villager (Male) |
| 6:41 | Create | Villager (Male) |
| 6:41 | Create | Villager (Male) |
| 7:03 | Create | Villager (Male) |
| 7:03 | Create | Villager (Male) |
| 7:03 | Create | Villager (Male) |
| 7:10 | Create | Villager (Male) |
| 7:10 | Create | Villager (Male) |
| 7:11 | Create | Villager (Male) |
| 7:47 | Build | Farm |
| 7:49 | Build | Farm |
| 7:53 | Build | Mining Camp |
| 8:07 | Research | Feudal Age |
| 10:17 | Age | Feudal Age |
| 10:20 | Create | Villager (Male) |
| 10:23 | Research | Loom |
| 10:31 | Build | Market |
| 10:39 | Build | Blacksmith |
| 10:41 | Build | House |
| 11:52 | Research | Castle Age |
| 12:36 | Research | Double-Bit Axe |
| 12:42 | Build | Barracks |
| 13:31 | Create | Spearman |
| 13:31 | Create | Spearman |
| 13:56 | Build | Palisade Wall |
| 14:32 | Age | Castle Age |
| 14:57 | Build | Castle |
| 15:06 | Create | Villager (Male) |
| 15:06 | Create | Villager (Male) |
| 15:12 | Build | House |
| 15:14 | Create | Villager (Male) |
| 15:14 | Create | Villager (Male) |
| 15:14 | Create | Villager (Male) |
| 15:17 | Build | Farm |
| 15:18 | Build | Farm |
| 15:20 | Build | Farm |
| 15:20 | Create | Villager (Male) |
| 15:21 | Create | Villager (Male) |
| 15:21 | Create | Villager (Male) |
| 16:02 | Create | Villager (Male) |
| 16:02 | Create | Villager (Male) |
| 16:36 | Create | Villager (Male) |
| 16:36 | Create | Villager (Male) |
| 16:41 | Build | Farm |
| 16:41 | Build | Farm |
| 16:41 | Build | Farm |
| 16:41 | Build | Farm |
| 16:42 | Build | Farm |
| 16:43 | Create | Villager (Male) |
| 16:44 | Create | Villager (Male) |
| 16:54 | Build | Mining Camp |
| 17:09 | Create | Villager (Male) |
| 17:09 | Create | Villager (Male) |
| 17:35 | Create | Villager (Male) |
| 17:35 | Create | Villager (Male) |
| 17:49 | Research | Scale Mail Armor |
| 17:50 | Create | Villager (Male) |
| 17:50 | Create | Villager (Male) |
| 17:50 | Create | Villager (Male) |
| 17:55 | Build | Mill |
| 18:00 | Create | Villager (Male) |
| 18:00 | Create | Villager (Male) |
| 18:01 | Create | Villager (Male) |
| 18:07 | Create | Villager (Male) |
| 18:07 | Create | Villager (Male) |
| 18:20 | Build | Siege Workshop |
| 18:25 | Create | Villager (Male) |
| 18:26 | Create | Villager (Male) |
| 18:33 | Create | Throwing Axeman |
| 18:33 | Create | Throwing Axeman |
| 18:33 | Create | Throwing Axeman |
| 18:34 | Create | Throwing Axeman |
| 18:41 | Create | Villager (Male) |
| 18:41 | Create | Villager (Male) |
| 18:42 | Create | Villager (Male) |
| 19:00 | Create | Throwing Axeman |
| 19:01 | Create | Throwing Axeman |
| 19:01 | Create | Throwing Axeman |
| 19:04 | Create | Villager (Male) |
| 19:04 | Create | Villager (Male) |
| 19:11 | Create | Villager (Male) |
| 19:11 | Create | Villager (Male) |
| 19:12 | Create | Villager (Male) |
| 19:25 | Create | Villager (Male) |
| 19:25 | Create | Villager (Male) |
| 19:28 | Create | Throwing Axeman |
| 19:28 | Create | Throwing Axeman |
| 19:42 | Create | Villager (Male) |
| 19:42 | Create | Villager (Male) |
| 19:43 | Create | Villager (Male) |
| 19:47 | Create | Unit 1105 |
| 20:02 | Create | Villager (Male) |
| 20:03 | Create | Villager (Male) |
| 20:07 | Create | Villager (Male) |
| 20:09 | Create | Villager (Male) |
| 20:10 | Create | Villager (Male) |
| 20:10 | Create | Villager (Male) |
| 20:16 | Build | Farm |
| 20:16 | Build | Farm |
| 20:16 | Build | Farm |
| 20:17 | Create | Villager (Male) |
| 20:17 | Create | Villager (Male) |
| 20:18 | Create | Villager (Male) |
| 20:44 | Create | Battering Ram |
| 20:48 | Create | Petard |
| 20:49 | Create | Petard |
| 20:57 | Create | Villager (Male) |
| 20:58 | Create | Villager (Male) |
| 21:29 | Create | Villager (Male) |
| 21:29 | Create | Villager (Male) |
| 21:29 | Create | Villager (Male) |
| 21:30 | Create | Villager (Male) |
| 21:30 | Create | Villager (Male) |
Build order — Yeung Chow Fried Rice
First 150 of 375 actions detected
| 0:01 | Create | Villager (Male) |
| 0:01 | Create | Villager (Male) |
| 0:02 | Create | Villager (Male) |
| 0:03 | Build | House |
| 0:04 | Build | House |
| 1:25 | Create | Villager (Male) |
| 1:25 | Create | Villager (Male) |
| 1:38 | Build | Lumber Camp |
| 2:00 | Create | Villager (Male) |
| 2:20 | Create | Villager (Male) |
| 2:53 | Create | Villager (Male) |
| 3:05 | Create | Villager (Male) |
| 3:05 | Create | Villager (Male) |
| 3:23 | Build | House |
| 3:46 | Create | Villager (Male) |
| 3:47 | Create | Villager (Male) |
| 3:50 | Build | Mill |
| 4:37 | Create | Villager (Male) |
| 4:37 | Create | Villager (Male) |
| 4:38 | Create | Villager (Male) |
| 5:32 | Build | Mill |
| 5:38 | Build | House |
| 5:40 | Create | Villager (Male) |
| 6:04 | Create | Villager (Male) |
| 6:17 | Create | Villager (Male) |
| 6:17 | Create | Villager (Male) |
| 6:18 | Create | Villager (Male) |
| 6:18 | Create | Villager (Male) |
| 6:18 | Create | Villager (Male) |
| 7:14 | Create | Villager (Male) |
| 7:14 | Create | Villager (Male) |
| 7:18 | Build | House |
| 7:37 | Build | Farm |
| 7:40 | Build | Farm |
| 8:31 | Build | Mining Camp |
| 9:15 | Research | Feudal Age |
| 9:39 | Build | Farm |
| 10:39 | Build | House |
| 11:03 | Create | Villager (Male) |
| 11:03 | Create | Villager (Male) |
| 11:47 | Age | Feudal Age |
| 11:48 | Build | Blacksmith |
| 11:50 | Build | Market |
| 12:07 | Research | Horse Collar |
| 12:16 | Build | Farm |
| 12:18 | Build | Farm |
| 12:37 | Research | Double-Bit Axe |
| 12:40 | Research | Castle Age |
| 12:48 | Build | Farm |
| 13:01 | Build | Farm |
| 15:20 | Age | Castle Age |
| 15:22 | Build | Town Center |
| 15:23 | Create | Villager (Male) |
| 15:23 | Create | Villager (Male) |
| 15:24 | Create | Villager (Male) |
| 15:33 | Build | Barracks |
| 15:48 | Build | Town Center |
| 15:59 | Create | Villager (Male) |
| 16:06 | Research | Fletching |
| 16:46 | Create | Villager (Male) |
| 16:46 | Create | Villager (Male) |
| 16:46 | Create | Villager (Male) |
| 16:50 | Build | Archery Range |
| 16:51 | Create | Villager (Male) |
| 16:52 | Create | Villager (Male) |
| 16:56 | Build | Farm |
| 16:58 | Build | Farm |
| 17:02 | Build | Farm |
| 17:04 | Create | Villager (Male) |
| 17:04 | Create | Villager (Male) |
| 17:13 | Build | Farm |
| 17:18 | Create | Villager (Male) |
| 17:19 | Create | Villager (Male) |
| 17:20 | Create | Villager (Male) |
| 17:20 | Create | Villager (Male) |
| 17:21 | Create | Villager (Male) |
| 17:39 | Create | Villager (Male) |
| 17:39 | Create | Villager (Male) |
| 17:43 | Build | Farm |
| 17:46 | Build | Farm |
| 17:57 | Build | Archery Range |
| 17:59 | Create | Villager (Male) |
| 17:59 | Create | Villager (Male) |
| 18:17 | Create | Archer |
| 18:21 | Create | Villager (Male) |
| 18:34 | Research | Crossbowman (upgrade) |
| 18:38 | Build | House |
| 18:47 | Research | Bow Saw |
| 18:50 | Build | Farm |
| 18:53 | Build | Farm |
| 18:59 | Build | House |
| 19:00 | Create | Archer |
| 19:00 | Create | Archer |
| 19:01 | Create | Villager (Male) |
| 19:12 | Build | House |
| 19:13 | Create | Villager (Male) |
| 19:21 | Create | Villager (Male) |
| 19:32 | Build | Farm |
| 19:35 | Build | Farm |
| 19:36 | Create | Villager (Male) |
| 19:36 | Create | Villager (Male) |
| 19:41 | Create | Archer |
| 19:41 | Create | Archer |
| 19:53 | Create | Villager (Male) |
| 19:59 | Create | Villager (Male) |
| 20:02 | Build | Farm |
| 20:05 | Build | Farm |
| 20:06 | Create | Villager (Male) |
| 20:12 | Create | Archer |
| 20:12 | Create | Archer |
| 20:12 | Create | Archer |
| 20:12 | Create | Archer |
| 20:23 | Build | House |
| 20:23 | Build | House |
| 20:46 | Research | Bodkin Arrow |
| 20:54 | Build | Farm |
| 20:59 | Build | Farm |
| 21:02 | Build | Farm |
| 21:03 | Build | Farm |
| 21:04 | Build | Farm |
| 21:05 | Create | Villager (Male) |
| 21:34 | Create | Villager (Male) |
| 21:34 | Create | Villager (Male) |
| 21:34 | Create | Villager (Male) |
| 21:40 | Build | House |
| 21:41 | Build | House |
| 21:41 | Create | Archer |
| 21:42 | Create | Archer |
| 21:42 | Create | Archer |
| 21:42 | Create | Archer |
| 21:52 | Create | Villager (Male) |
| 21:52 | Create | Villager (Male) |
| 21:56 | Build | Farm |
| 22:00 | Build | Farm |
| 22:07 | Create | Archer |
| 22:07 | Create | Archer |
| 22:08 | Create | Archer |
| 22:17 | Create | Villager (Male) |
| 22:18 | Create | Villager (Male) |
| 22:26 | Build | Mill |
| 22:27 | Build | Farm |
| 22:27 | Build | Farm |
| 22:27 | Build | Farm |
| 22:28 | Build | Farm |
| 22:28 | Build | Farm |
| 22:34 | Build | Lumber Camp |
| 22:36 | Create | Villager (Male) |
| 22:36 | Create | Villager (Male) |
| 22:36 | Create | Villager (Male) |
| 22:36 | Create | Villager (Male) |
Build order — mmihaa
First 150 of 315 actions detected
| 0:01 | Create | Villager (Male) ×4 |
| 0:03 | Build | House |
| 0:06 | Build | House |
| 1:23 | Create | Villager (Male) |
| 1:48 | Build | Lumber Camp |
| 2:02 | Create | Villager (Male) |
| 2:34 | Create | Villager (Male) |
| 3:15 | Create | Villager (Male) |
| 3:16 | Create | Villager (Male) |
| 3:16 | Create | Villager (Male) |
| 4:05 | Create | Villager (Male) |
| 4:05 | Create | Villager (Male) |
| 4:06 | Create | Villager (Male) |
| 4:08 | Build | House |
| 4:09 | Build | House |
| 4:41 | Build | Mill |
| 5:03 | Create | Villager (Male) |
| 5:04 | Create | Villager (Male) |
| 5:04 | Create | Villager (Male) |
| 5:29 | Create | Villager (Male) |
| 5:41 | Create | Villager (Male) |
| 5:41 | Create | Villager (Male) |
| 5:41 | Create | Villager (Male) |
| 7:04 | Create | Villager (Male) |
| 7:04 | Create | Villager (Male) |
| 7:05 | Create | Villager (Male) |
| 7:05 | Create | Villager (Male) |
| 7:29 | Build | Lumber Camp |
| 7:58 | Build | House |
| 8:19 | Create | Villager (Male) |
| 9:11 | Build | Mining Camp |
| 9:16 | Research | Feudal Age |
| 10:04 | Create | Villager (Male) |
| 10:04 | Create | Villager (Male) |
| 11:41 | Age | Feudal Age |
| 11:44 | Build | Market |
| 11:46 | Build | Blacksmith |
| 12:33 | Research | Castle Age |
| 12:38 | Research | Horse Collar |
| 12:46 | Build | Farm |
| 12:48 | Build | Farm |
| 12:52 | Build | Farm |
| 12:55 | Build | Farm |
| 12:57 | Build | Farm |
| 13:00 | Build | Farm |
| 13:03 | Build | Farm |
| 13:08 | Build | Farm |
| 13:11 | Build | House |
| 13:38 | Build | House |
| 13:38 | Build | House |
| 14:24 | Create | Villager (Male) |
| 15:08 | Build | House |
| 15:13 | Age | Castle Age |
| 15:14 | Build | Town Center |
| 15:18 | Build | Town Center |
| 15:26 | Create | Villager (Male) |
| 15:30 | Research | Heavy Plow |
| 15:41 | Create | Villager (Male) |
| 16:06 | Build | Monastery |
| 16:06 | Create | Villager (Male) |
| 16:23 | Build | Farm |
| 16:31 | Create | Villager (Male) |
| 16:36 | Build | Farm |
| 16:39 | Create | Villager (Male) |
| 16:42 | Create | Villager (Male) |
| 16:51 | Create | Monk |
| 16:53 | Create | Monk |
| 17:16 | Create | Villager (Male) |
| 17:21 | Create | Villager (Male) |
| 17:21 | Create | Villager (Male) |
| 17:27 | Create | Villager (Male) |
| 17:27 | Create | Villager (Male) |
| 17:33 | Build | Farm |
| 17:33 | Build | Farm |
| 17:35 | Build | Farm |
| 17:35 | Build | Farm |
| 17:47 | Build | Farm |
| 17:48 | Build | Farm |
| 17:49 | Build | Farm |
| 17:50 | Build | Farm |
| 17:54 | Create | Villager (Male) |
| 17:59 | Create | Villager (Male) |
| 17:59 | Create | Villager (Male) |
| 17:59 | Create | Villager (Male) |
| 18:07 | Build | Farm |
| 18:10 | Build | Farm |
| 18:13 | Build | Farm |
| 18:14 | Build | Farm |
| 18:15 | Create | Villager (Male) |
| 18:15 | Create | Villager (Male) |
| 18:17 | Create | Villager (Male) |
| 18:33 | Create | Villager (Male) |
| 18:33 | Create | Villager (Male) |
| 18:37 | Build | Farm |
| 18:59 | Create | Villager (Male) |
| 18:59 | Create | Villager (Male) |
| 19:03 | Create | Villager (Male) |
| 19:08 | Build | Farm |
| 19:10 | Build | Farm |
| 19:10 | Create | Villager (Male) |
| 19:11 | Create | Villager (Male) |
| 19:21 | Build | Farm |
| 19:23 | Build | Farm |
| 19:24 | Create | Villager (Male) |
| 19:29 | Research | Wheelbarrow |
| 19:56 | Build | Barracks |
| 19:58 | Create | Villager (Male) |
| 19:58 | Create | Villager (Male) |
| 20:05 | Create | Villager (Male) |
| 20:05 | Create | Villager (Male) |
| 20:07 | Create | Villager (Male) |
| 20:08 | Create | Villager (Male) |
| 20:10 | Research | Loom |
| 20:20 | Build | Stone Wall |
| 20:22 | Build | Stone Wall |
| 20:29 | Build | Stone Wall |
| 20:31 | Build | Stone Wall |
| 20:39 | Build | Siege Workshop |
| 20:44 | Build | Mining Camp |
| 21:01 | Research | Gold Mining |
| 21:07 | Build | Stone Wall |
| 21:22 | Create | Villager (Male) |
| 21:22 | Create | Villager (Male) |
| 21:37 | Create | Villager (Male) |
| 21:38 | Create | Villager (Male) |
| 21:43 | Build | House |
| 21:49 | Build | House |
| 21:57 | Build | House |
| 21:58 | Build | House |
| 22:00 | Build | House |
| 22:03 | Create | Villager (Male) |
| 22:03 | Create | Villager (Male) |
| 22:03 | Create | Villager (Male) |
| 22:06 | Create | Mangonel |
| 22:16 | Build | Monastery |
| 22:32 | Create | Villager (Male) |
| 22:32 | Create | Villager (Male) |
| 22:33 | Create | Villager (Male) |
| 22:33 | Create | Villager (Male) |
| 22:35 | Build | House |
| 22:35 | Build | House |
| 22:36 | Build | House |
| 22:37 | Build | House |
| 22:38 | Build | House |
| 22:39 | Create | Villager (Male) |
| 22:40 | Create | Villager (Male) |
| 23:02 | Create | Scorpion |
| 23:22 | Create | Villager (Male) |
| 23:22 | Create | Villager (Male) |
| 23:30 | Build | University |
Build order — Boötes Void
First 150 of 325 actions detected
| 0:01 | Create | Villager (Male) |
| 0:02 | Create | Villager (Male) |
| 0:02 | Create | Villager (Male) |
| 0:03 | Build | House |
| 0:04 | Build | House |
| 0:34 | Create | Villager (Male) |
| 1:28 | Create | Villager (Male) |
| 1:47 | Build | Lumber Camp |
| 1:57 | Create | Villager (Male) |
| 2:21 | Create | Villager (Male) |
| 2:21 | Create | Villager (Male) |
| 2:50 | Create | Villager (Male) |
| 2:59 | Build | House |
| 3:03 | Create | Villager (Male) |
| 3:35 | Create | Villager (Male) |
| 4:06 | Build | House |
| 4:17 | Build | Mill |
| 4:25 | Create | Villager (Male) |
| 4:27 | Create | Villager (Male) |
| 4:28 | Create | Villager (Male) |
| 5:43 | Create | Villager (Male) |
| 5:43 | Create | Villager (Male) |
| 6:16 | Create | Villager (Male) |
| 6:44 | Create | Villager (Male) |
| 6:54 | Create | Villager (Male) |
| 7:43 | Create | Villager (Male) |
| 8:19 | Create | Villager (Male) |
| 8:19 | Create | Villager (Male) |
| 8:50 | Build | Mining Camp |
| 9:14 | Research | Feudal Age |
| 9:57 | Build | House |
| 9:58 | Build | House |
| 10:53 | Build | Barracks |
| 11:24 | Age | Feudal Age |
| 11:24 | Create | Villager (Male) |
| 11:25 | Create | Villager (Male) |
| 11:30 | Build | Blacksmith |
| 11:39 | Build | Stable |
| 12:19 | Research | Castle Age |
| 12:36 | Build | Farm |
| 12:50 | Research | Horse Collar |
| 13:06 | Build | Farm |
| 13:07 | Build | Farm |
| 13:08 | Build | Farm |
| 13:18 | Research | Double-Bit Axe |
| 13:23 | Build | Farm |
| 13:48 | Build | Farm |
| 14:07 | Build | Stable |
| 14:17 | Create | Scout Cavalry |
| 14:17 | Create | Scout Cavalry |
| 14:53 | Create | Scout Cavalry |
| 14:55 | Create | Scout Cavalry |
| 14:59 | Age | Castle Age |
| 15:07 | Build | Farm |
| 15:10 | Build | Farm |
| 15:12 | Build | Farm |
| 15:13 | Build | Farm |
| 15:14 | Build | Farm |
| 15:17 | Create | Villager (Male) |
| 15:48 | Build | Farm |
| 15:51 | Create | Villager (Male) |
| 16:05 | Build | House |
| 16:06 | Build | House |
| 16:07 | Build | House |
| 16:27 | Create | Villager (Male) |
| 16:27 | Create | Villager (Male) |
| 16:28 | Create | Villager (Male) |
| 16:49 | Create | Villager (Male) |
| 16:49 | Create | Villager (Male) |
| 16:57 | Build | Town Center |
| 17:09 | Build | House |
| 17:10 | Build | House |
| 17:11 | Build | House |
| 17:13 | Create | Villager (Male) |
| 17:14 | Create | Villager (Male) |
| 17:14 | Create | Villager (Male) |
| 17:28 | Research | Husbandry |
| 17:41 | Create | Villager (Male) |
| 17:45 | Build | Farm |
| 18:12 | Create | Scout Cavalry |
| 18:17 | Create | Scout Cavalry |
| 18:20 | Build | Farm |
| 18:23 | Create | Villager (Male) |
| 18:37 | Build | Farm |
| 18:38 | Create | Scout Cavalry |
| 18:51 | Create | Villager (Male) |
| 19:01 | Create | Villager (Male) |
| 19:02 | Create | Villager (Male) |
| 19:04 | Build | Farm |
| 19:08 | Research | Loom |
| 19:08 | Research | Loom |
| 19:10 | Create | Villager (Male) |
| 19:10 | Create | Villager (Male) |
| 19:15 | Build | Lumber Camp |
| 19:17 | Create | Villager (Male) |
| 19:36 | Research | Bow Saw |
| 19:36 | Research | Bow Saw |
| 19:41 | Build | Farm |
| 19:48 | Build | Farm |
| 19:48 | Build | Farm |
| 19:48 | Build | Farm |
| 19:49 | Build | Farm |
| 19:49 | Build | Farm |
| 19:54 | Create | Villager (Male) |
| 20:09 | Build | Farm |
| 20:11 | Create | Villager (Male) |
| 20:11 | Create | Villager (Male) |
| 20:33 | Research | Light Cavalry (upgrade) |
| 20:44 | Build | Farm |
| 20:44 | Build | Farm |
| 20:45 | Build | Farm |
| 20:45 | Build | Farm |
| 20:50 | Create | Villager (Male) |
| 21:04 | Build | Farm |
| 21:07 | Create | Villager (Male) |
| 21:07 | Create | Villager (Male) |
| 21:07 | Create | Villager (Male) |
| 21:08 | Create | Villager (Male) |
| 21:17 | Create | Scout Cavalry |
| 21:17 | Create | Scout Cavalry |
| 21:48 | Build | Farm |
| 21:50 | Build | Mill |
| 21:51 | Create | Villager (Male) |
| 21:51 | Create | Villager (Male) |
| 21:51 | Create | Villager (Male) |
| 21:52 | Create | Villager (Male) |
| 22:04 | Create | Villager (Male) |
| 22:05 | Create | Villager (Male) |
| 22:22 | Build | House |
| 22:23 | Build | House |
| 22:24 | Build | House |
| 22:30 | Research | Wheelbarrow |
| 22:34 | Research | Town Watch |
| 22:50 | Create | Scout Cavalry |
| 22:51 | Create | Scout Cavalry |
| 22:51 | Create | Scout Cavalry |
| 22:51 | Create | Scout Cavalry |
| 22:56 | Build | Mining Camp |
| 23:12 | Research | Scale Barding Armor |
| 23:21 | Build | Town Center |
| 23:26 | Create | Villager (Male) |
| 23:26 | Create | Villager (Male) |
| 23:42 | Create | Villager (Male) |
| 23:43 | Create | Villager (Male) |
| 23:48 | Create | Villager (Male) |
| 23:49 | Create | Villager (Male) |
| 24:06 | Build | Stable |
| 24:06 | Build | Stable |
| 24:06 | Build | Stable |
| 24:17 | Build | Stable |
Match timeline
| 8:33 | jcesarcr · first_building Barracks |
| 10:17 | Bitt · age_up feudal |
| 10:49 | MONARCH · first_building Barracks |
| 10:53 | Boötes Void · first_building Barracks |
| 10:56 | benjamin100 · age_up feudal |
| 11:24 | Boötes Void · age_up feudal |
| 11:39 | Boötes Void · first_building Stable |
| 11:39 | Bitt · first_market_sell 100 stone |
| 11:41 | mmihaa · age_up feudal |
| 11:46 | MONARCH · age_up feudal |
| 11:47 | Yeung Chow Fried Rice · age_up feudal |
| 11:48 | Wartortilla43 · age_up feudal |
| 11:49 | MONARCH · first_building Archery Range |
| 12:42 | Bitt · first_building Barracks |
| 13:30 | jcesarcr · age_up feudal |
| 13:34 | jcesarcr · first_building Stable |
| 13:56 | Bitt · wall_segment Palisade Wall x1 |
| 14:26 | benjamin100 · age_up castle |
| 14:32 | Bitt · age_up castle |
| 14:57 | Bitt · first_building Castle |
| 14:59 | Boötes Void · age_up castle |
| 15:13 | mmihaa · age_up castle |
| 15:18 | MONARCH · age_up castle |
| 15:20 | Wartortilla43 · age_up castle |
| 15:20 | Yeung Chow Fried Rice · age_up castle |
| 15:33 | Yeung Chow Fried Rice · first_building Barracks |
| 16:06 | mmihaa · first_building Monastery |
| 16:18 | benjamin100 · first_market_buy 100 stone |
| 16:33 | Wartortilla43 · first_building Barracks |
| 16:36 | benjamin100 · wall_segment Stone Wall x6 |
| 16:45 | benjamin100 · wall_segment Stone Wall x4 |
| 16:49 | benjamin100 · wall_segment Stone Wall x5 |
| 16:50 | Yeung Chow Fried Rice · first_building Archery Range |
| 17:12 | benjamin100 · wall_segment Stone Wall x5 |
| 17:20 | jcesarcr · age_up castle |
| 18:09 | benjamin100 · wall_segment Stone Wall x1 |
| 18:10 | benjamin100 · wall_segment Stone Wall x1 |
| 18:11 | benjamin100 · wall_segment Stone Wall x1 |
| 18:11 | benjamin100 · wall_segment Stone Wall x1 |
| 18:12 | benjamin100 · wall_segment Stone Wall x1 |
| 18:20 | benjamin100 · wall_segment Stone Wall x1 |
| 18:20 | Bitt · first_building Siege Workshop |
| 19:23 | benjamin100 · first_building Siege Workshop |
| 19:53 | jcesarcr · first_building Castle |
| 19:56 | mmihaa · first_building Barracks |
| 20:20 | mmihaa · wall_segment Stone Wall x9 |
| 20:22 | mmihaa · wall_segment Stone Wall x6 |
| 20:29 | mmihaa · wall_segment Stone Wall x1 |
| 20:31 | mmihaa · wall_segment Stone Wall x4 |
| 20:39 | mmihaa · first_building Siege Workshop |
| 21:01 | benjamin100 · wall_segment Palisade Wall x1 |
| 21:07 | mmihaa · wall_segment Stone Wall x1 |
| 22:22 | Wartortilla43 · first_building Siege Workshop |
| 22:26 | benjamin100 · wall_segment Palisade Wall x1 |
| 23:45 | MONARCH · first_building Siege Workshop |
| 23:56 | MONARCH · first_building Stable |
| 25:16 | Yeung Chow Fried Rice · first_building Siege Workshop |
| 25:35 | mmihaa · wall_segment Stone Wall x1 |
| 25:53 | mmihaa · wall_segment Stone Wall x1 |
| 26:19 | Wartortilla43 · first_building Castle |
| 26:24 | mmihaa · wall_segment Stone Wall x5 |
| 26:30 | mmihaa · first_building Castle |
| 26:40 | Wartortilla43 · first_building Stable |
| 26:45 | Boötes Void · first_market_buy 100 food |
| 27:22 | benjamin100 · first_building Barracks |
| 27:38 | Bitt · first_market_buy 100 food |
| 27:39 | Yeung Chow Fried Rice · first_market_sell 100 wood |
| 27:56 | mmihaa · age_up imperial |
| 28:13 | Bitt · age_up imperial |
| 29:05 | MONARCH · age_up imperial |
| 29:06 | Wartortilla43 · age_up imperial |
| 29:08 | Yeung Chow Fried Rice · first_market_buy 100 stone |
| 29:13 | mmihaa · first_building Archery Range |
| 29:17 | Yeung Chow Fried Rice · first_building Castle |
| 29:24 | Wartortilla43 · first_market_sell 100 wood |
| 30:08 | benjamin100 · first_building Castle |
| 30:39 | Boötes Void · first_market_sell 500 wood |
| 30:47 | benjamin100 · age_up imperial |
| 31:05 | Boötes Void · first_building Monastery |
| 31:15 | benjamin100 · first_market_sell 500 wood |
| 32:02 | Yeung Chow Fried Rice · age_up imperial |
| 32:03 | Bitt · wall_segment Stone Wall x1 |
| 32:05 | Bitt · wall_segment Stone Wall x1 |
| 32:08 | Bitt · wall_segment Stone Wall x1 |
| 32:14 | Bitt · wall_segment Stone Wall x1 |
| 32:15 | mmihaa · wall_segment Stone Wall x1 |
| 32:17 | Bitt · wall_segment Stone Wall x1 |
| 32:19 | Bitt · wall_segment Stone Wall x1 |
| 32:20 | Bitt · wall_segment Stone Wall x1 |
| 32:21 | mmihaa · wall_segment Stone Wall x1 |
| 32:25 | MONARCH · first_building Castle |
| 32:26 | Bitt · wall_segment Stone Wall x1 |
| 32:42 | Boötes Void · first_building Archery Range |
| 33:23 | mmihaa · wall_segment Stone Wall x1 |
| 34:51 | Boötes Void · age_up imperial |
| 35:05 | jcesarcr · age_up imperial |
| 36:46 | mmihaa · wall_segment Stone Wall x3 |
| 37:47 | Wartortilla43 · first_market_buy 100 stone |
| 39:05 | Wartortilla43 · first_building Archery Range |
| 40:29 | Boötes Void · resign |
[ AI ANALYSIS · 1 CREDIT ]
What really happened in this match?
Wolo.gg analyzes every decision: build order, eco, micro, common mistakes by bracket. Personalized analysis on WhatsApp or Discord in 30 seconds.
Civ guide
Wei
Perfil
MONARCH